 Dungeon Sprint DCSS version 0.22.1-1-ga44c0e56f4 (webtiles) character file.

814 MuseOD the Unseen (level 10, -1/51 HPs)
             Began as a Spriggan Enchanter on Sept 24, 2018.
             Was the Champion of Dithmenos.
             Slain by a red ugly thing (17 damage)
             ... in the Dungeon (Sprint VI: "Thunderdome").
             The game lasted 00:09:58 (1398 turns).

MuseOD the Unseen (Spriggan Enchanter)              Turns: 1398, Time: 00:09:59

Health: -1/51      AC:  2    Str:  4    XL:     10   Next: 49%
Magic:  13/28      EV: 21    Int: 20    God:    Dithmenos [******]
Gold:   210        SH:  0    Dex: 17    Spells: 18/36 levels left

rFire    . . .     SeeInvis +   n - +8 rapier of Triumph {vamp, +Inv rN++ MR- Stlth+}
rCold    . . .     Gourm    .   (shield restricted)
rNeg     + + .     Faith    .   b - +0 robe
rPois    .         Spirit   .   (helmet restricted)
rElec    .         Reflect  .   (no cloak)
rCorr    .         Harm     .   (gloves unavailable)
MR       +....     NoTele   +   (boots unavailable)
Stlth    ++++++++++             (no amulet)
HPRegen  0.17/turn              o - ring of protection from magic
MPRegen  0.21/turn              (no ring)

@: wreathed by umbra, very quick
A: very small, unfitting armour, see invisible, herbivore, speed 3, slow
metabolism 2
}: 1/15 runes: decaying
a: Shadow Step, Shadow Form, Renounce Religion, Evoke Invisibility


You were in the Dungeon.
You worshipped Dithmenos.
Dithmenos was exalted by your worship.
You were hungry.

You visited 1 branch You collected 1150 gold pieces.
You spent 940 gold pieces at shops.

Inventory:

Hand Weapons
 a - a +1 dagger
 n - the +8 rapier of Triumph (weapon) {vamp, +Inv rN++ MR- Stlth+}
   (You found it in the Dungeon)

   It inflicts no extra harm, but heals its wielder when it wounds a living foe.
   It greatly protects you from negative energy.
   It affects your resistance to hostile enchantments.
   It lets you turn invisible.
   It makes you more stealthy.
Armour
 b - a +0 robe (worn)
Jewellery
 o - a ring of protection from magic (left hand)
Wands
 k - a wand of acid (4)
 l - a wand of iceblast (4)
Scrolls
 j - 4 scrolls of blinking
 m - 3 scrolls of fog
Potions
 c - a potion of resistance
 e - a potion of curing
 f - 4 potions of heal wounds
 g - 4 potions of haste
 h - a potion of magic
 i - a potion of berserk rage
Comestibles
 d - a ration


   Skills:
 - Level 4.9 Fighting
 - Level 10.1 Short Blades
 - Level 5.5 Dodging
 + Level 19.3 Stealth
 + Level 13.5 Spellcasting
 + Level 13.7 Hexes
 - Level 4.1 Evocations


You had 18 spell levels left.
You knew the following spells:

 Your Spells              Type           Power        Failure   Level  Hunger
a - Corona                Hex            ######.      1%          1    None
b - Ensorcelled Hibernat  Hex/Ice        #####.       1%          2    None
c - Confuse               Hex            ######..     1%          3    None
d - Dazzling Spray        Conj/Hex       #####.       1%          3    None
e - Tukima's Dance        Hex            ######..     1%          3    None
f - Invisibility          Hex            ######..     2%          6    #####..

Your spell library contained the following spells:

 Spells                   Type           Power        Failure   Level  Hunger
 Darkness                 Hex            ######....   2%          6    #####..
 Passwall                 Tmut/Erth      ##......     8%          2    None
 Swiftness                Chrm/Air       ##......     8%          2    None
 Passage of Golubria      Tloc           N/A          43%         4    None
 Lee's Rapid Deconstruct  Erth           ##........   80%         5    ####...


Dungeon Overview and Level Annotations

Branches:
Dungeon (1/1)

Altars:
Cheibriados
Dithmenos
Fedhas
Gozag
Kikubaaqudgha
Makhleb
Okawaru
Qazlal
Ru
Sif Muna
Trog
Uskayaw
Vehumet
Wu Jian
Xom
Yredelemnul
Zin
The Shining One
Beogh
Jiyva
Lugonu

Shops:
D *[%??*?*:[((!!!!


Innate Abilities, Weirdness & Mutations

You are very small and have problems with some larger weapons.
You are too small for most types of armour.
You have supernaturally acute eyesight. (SInv)
You are a herbivore.
You cover ground extremely quickly.
You need to consume almost no food.


Message History

Aim: a purple ugly thing (lightly wounded, blind, hasn't noticed you, umbra)
The spray of energy hits the purple ugly thing.
The purple ugly thing is moderately wounded.
The purple ugly thing gurgles horribly!
The purple ugly thing is dazzled.
The spray of energy hits the brown ugly thing.
The brown ugly thing is lightly wounded.
The brown ugly thing is dazzled.
Your shadow mimicks your spell!
The shadow shard hits the purple ugly thing.
The brown ugly thing basks in the mutagenic energy from its kin and changes!
You puncture the purple ugly thing!
The purple ugly thing is heavily wounded.
Your shadow hits the purple ugly thing but does no damage.
You puncture the purple ugly thing!
The purple ugly thing is severely wounded.
Your shadow barely misses the purple ugly thing.
The purple ugly thing bites you!!
You emit a cloud of dark smoke.
The red ugly thing gores you!
You are engulfed in flames!
You die...

#_......._# #_......._#
###.........###
#⌠...........⌠#
######.8.[.......8.###
##∩___....[.###......__
###∩....[.u.8.# #.8......
##.......uu....###........
#⌠....().@§.###...###.....
#(...[...§§.# #.<.# #.....
#⌠.(........###..†###.....
##......(......###........
###∩........8.# #.8......
##∩___....(.###.[...._.
######.8.........8.###
#⌠...........⌠#
###.........###


You could see 3 ugly things.

Vanquished Creatures
  A wizard (D)
  4 ugly things (D)
  A kobold demonologist (D)
  A demonic crawler (D)
  Sigmund (D)
  2 redbacks (D)
  A tarantella (D)
  A necrophage (D)
  2 big kobolds (D)
  7 killer bees (D)
  2 wights (D)
  A hound (D)
  Jessica (D)
  A bat skeleton (D)
  A giant cockroach (D)
  3 kobolds (D)
  A bat (D)
  A jackal skeleton (D)
  A leopard gecko zombie (D)
33 creatures vanquished.

Notes
Turn   | Place    | Note
-------+----------+-------------------------------------------
     0 | D        | MuseOD the Spriggan Enchanter began the quest for the Orb.
     0 | D        | Reached XP level 1. HP: 9/9 MP: 5/5
     3 | D        | Found a burning altar of Makhleb.
     3 | D        | Found a shimmering altar of Xom.
     4 | D        | Found a hide-covered altar of Uskayaw.
     5 | D        | Found a roughly hewn altar of Beogh.
     5 | D        | Found a basalt altar of Yredelemnul.
     6 | D        | Found Wustralyu's Do-It-Yourself Clinic.
     6 | D        | Found an ornate altar of the Wu Jian Council.
     6 | D        | Found a glowing silver altar of Zin.
     6 | D        | Found Eskiuj's Distillery.
     7 | D        | Found Buykicw's Bottled Wisdom.
     7 | D        | Found Pahaef's Distillery.
     9 | D        | Found a shadowy altar of Dithmenos.
     9 | D        | Round 1.
    10 | D        | Found an ancient bone altar of Kikubaaqudgha.
    13 | D        | Found an opulent altar of Gozag.
    14 | D        | Found a radiant altar of Vehumet.
    14 | D        | Found a bloodstained altar of Trog.
    14 | D        | Found Tiecel's Staff Store.
    14 | D        | Found Yrphomm's Magic Scroll Shop.
    15 | D        | Found Piomeos's Must-Have Magic.
    15 | D        | Found Ariadwo's Magic Scroll Shop.
    19 | D        | Became a worshipper of Dithmenos the Shadowed
    24 | D        | Found a corrupted altar of Lugonu.
    26 | D        | Noticed Jessica
    27 | D        | Found a sacrificial altar of Ru.
    30 | D        | Noticed Sigmund
    38 | D        | Killed Jessica
    38 | D        | Reached skill level 6 in Stealth
    38 | D        | Reached XP level 2. HP: 15/15 MP: 6/6
    39 | D        | Killed Sigmund
    39 | D        | Reached skill level 9 in Stealth
    39 | D        | Reached XP level 3. HP: 21/21 MP: 8/8
    39 | D        | Reached XP level 4. HP: 26/26 MP: 9/9
    39 | D        | Reached XP level 5. HP: 30/30 MP: 10/10
    43 | D        | Learned a level 2 spell: Ensorcelled Hibernation
    47 | D        | Learned a level 3 spell: Confuse
    67 | D        | Reached * piety under Dithmenos
    69 | D        | Found a blossoming altar of Fedhas.
    70 | D        | Found Qankumm's Delicious Food.
    70 | D        | Found a snail-covered altar of Cheibriados.
    70 | D        | Found a stormy altar of Qazlal.
    70 | D        | Found a deep blue altar of Sif Muna.
    70 | D        | Found Noiluh's Identification Station.
    71 | D        | Found Icatipt's Jewellery.
    71 | D        | Found Nuafeda's Advanced Armour.
    82 | D        | Found a glowing golden altar of the Shining One.
    83 | D        | Found a viscous altar of Jiyva.
    97 | D        | Found an iron altar of Okawaru.
    98 | D        | Found Wuiffal's Premium Goods.
    98 | D        | Found Raonalem's Weapon Rack.
    99 | D        | Found Mifidgh's Miscellaneous Merchandise.
    99 | D        | Found Awuarato's Basic Armour.
   149 | D        | Reached ** piety under Dithmenos
   149 | D        | Arena points: 14 (+14) [x2]
   149 | D        | Reached skill level 10 in Stealth
   183 | D        | Round 2.
   311 | D        | Reached *** piety under Dithmenos
   311 | D        | Reached XP level 6. HP: 35/35 MP: 3/12
   357 | D        | Arena points: 50 (+36) [x3]
   357 | D        | Reached skill level 11 in Stealth
   357 | D        | Reached skill level 5 in Spellcasting
   357 | D        | Reached skill level 5 in Hexes
   431 | D        | Round 3.
   434 | D        | Learned a level 3 spell: Dazzling Spray
   438 | D        | Learned a level 3 spell: Tukima's Dance
   461 | D        | Noticed a kobold demonologist
   465 | D        | Reached **** piety under Dithmenos
   465 | D        | Reached skill level 12 in Stealth
   471 | D        | Killed a kobold demonologist
   471 | D        | Reached skill level 13 in Stealth
   471 | D        | Reached XP level 7. HP: 38/38 MP: 3/19
   548 | D        | Arena points: 134 (+84) [x4]
   548 | D        | Reached skill level 14 in Stealth
   617 | D        | Round 4.
   634 | D        | Reached ***** piety under Dithmenos
   681 | D        | Reached XP level 8. HP: 42/42 MP: 13/22
   768 | D        | Arena points: 294 (+160) [x5]
   839 | D        | Round 5.
   859 | D        | Noticed a witch
   889 | D        | Killed a witch
   889 | D        | Arena points: 574 (+280) [x7]
   889 | D        | Reached skill level 16 in Stealth
   890 | D        | Got a crystal rapier
   890 | D        | Got a decaying rune of Zot
   916 | D        | Bought 2 rations for 40 gold pieces
   917 | D        | Identified the +8 rapier of Triumph {vamp, +Inv rN++ MR-
                  | Stlth+} (You found it in the Dungeon)
   921 | D        | Reached skill level 10 in Short Blades
   921 | D        | Reached skill level 5 in Dodging
   921 | D        | Reached XP level 9. HP: 31/46 MP: 10/25
   933 | D        | Bought a book of Burglary for 525 gold pieces
  1047 | D        | Learned a level 6 spell: Invisibility
  1108 | D        | Round 6.
  1114 | D        | Noticed a demonic crawler
  1114 | D        | Noticed an orb spider
  1119 | D        | Noticed a demonic crawler
  1133 | D        | Reached skill level 17 in Stealth
  1137 | D        | Reached ****** piety under Dithmenos
  1137 | D        | Reached XP level 10. HP: 33/51 MP: 4/26
  1201 | D        | Arena points: 814 (+240) [x8]
  1217 | D        | Bought an uncursed ring of protection from magic for 375
                  | gold pieces
  1225 | D        | Round 7.
  1294 | D        | Noticed a green ugly thing
  1311 | D        | Killed a green ugly thing
  1311 | D        | Reached skill level 18 in Stealth
  1317 | D        | Noticed a white ugly thing
  1323 | D        | Noticed a red ugly thing
  1343 | D        | Killed a white ugly thing
  1353 | D        | Killed a red ugly thing
  1370 | D        | Noticed a purple ugly thing
  1374 | D        | Noticed a brown ugly thing
  1375 | D        | Noticed a purple ugly thing
  1376 | D        | Noticed a green ugly thing
  1390 | D        | Killed a purple ugly thing
  1390 | D        | Reached skill level 19 in Stealth
  1398 | D        | Slain by a red ugly thing

Skill      XL: |  1  2  3  4  5  6  7  8  9 10 |
---------------+-------------------------------+-----
Fighting       | 2 4 |  4.9
Short Blades   | 4 8 9 10 | 10.1
Stealth        | 6 9 10 13 14 16 17 19 | 19.3
Spellcasting   | 3 8 9 11 13 | 13.5
Hexes          | 4 8 9 11 12 13 | 13.7
Dodging        | 5 |  5.5
Evocations     | 4 |  4.1

Action                   |  1- 3 |  4- 6 |  7- 9 | 10-12 || total
-------------------------+-------+-------+-------+-------++-------
Melee: Dagger            |       |    65 |    27 |       ||    92
       Rapier            |       |       |     8 |    48 ||    56
 Cast: Confuse           |       |     8 |     7 |     6 ||    21
       Ensorcelled Hiber |       |     8 |    17 |       ||    25
       Dazzling Spray    |       |     1 |     6 |     4 ||    11
Evoke: Wand              |     1 |     1 |       |       ||     2
  Use: Potion            |       |     1 |     1 |       ||     2
 Stab: Confused          |       |     3 |     4 |     6 ||    13
       Sleeping          |       |     3 |    10 |       ||    13
       Invisible         |       |     1 |     3 |       ||     4
  Eat: Ration            |       |       |     2 |       ||     2
Armor: Robe              |       |     4 |     1 |     2 ||     7
Dodge: Dodged            |       |    41 |    17 |    14 ||    72
